 Dungeon Crawl Stone Soup version 0.28-a0-528-g4b98be1b05 (webtiles) character file.

Game seed: 10376945287876263019

1 Mirvelgyr the Ducker (level 1, 23/23 HPs)
             Began as a Gnoll Wanderer on Sept 24, 2021.
             Got out of the dungeon alive.
             The game lasted 00:00:24 (33 turns).

Mirvelgyr the Ducker (Gnoll Wanderer)                 Turns: 33, Time: 00:00:25

Health: 23/23      AC:  5    Str: 11    XL:     1   Next: 20%
Magic:  1/1        EV: 14    Int:  8    God:
Gold:   0          SH:  0    Dex: 14    Spells: 0/0 levels left

rFire   . . .      SeeInvis .   a - +0 spear
rCold   . . .      Faith    .   (no shield)
rNeg    . . .      Spirit   .   b - +2 leather armour
rPois   .          Reflect  .   (no helmet)
rElec   .          Harm     .   (no cloak)
rCorr   .          Rampage  .   (no gloves)
Will    .....                   (no boots)
Stlth   ++........              (no amulet)
HPRegen 0.07/turn               (no ring)
MPRegen 0.07/turn               (no ring)

@: no status effects
A: fangs 1, strong nose, distributed training
a: no special abilities


You escaped.
You visited 1 branch of the dungeon, and saw 1 of its levels.

Inventory:

Hand Weapons
 a - a +0 spear (weapon)
Armour
 b - a +2 leather armour (worn)
Scrolls
 c - a scroll of teleportation
 d - a scroll of immolation {unknown}


   Skills:
 + Level 6.4 Fighting
 + Level 0.0 Short Blades
 + Level 0.0 Long Blades
 + Level 0.0 Axes
 + Level 0.0 Maces & Flails
 + Level 0.0 Polearms
 + Level 0.0 Staves
 + Level 0.0 Slings
 + Level 0.0 Bows
 + Level 0.0 Crossbows
 + Level 0.0 Throwing
 + Level 4.4 Armour
 + Level 6.4 Dodging
 + Level 2.1 Stealth
 + Level 2.3 Shields
 + Level 0.0 Unarmed Combat
 + Level 0.0 Spellcasting
 + Level 0.0 Conjurations
 + Level 0.0 Hexes
 + Level 0.0 Summonings
 + Level 0.0 Necromancy
 + Level 0.0 Translocations
 + Level 0.0 Transmutations
 + Level 0.0 Fire Magic
 + Level 0.0 Ice Magic
 + Level 0.0 Air Magic
 + Level 0.0 Earth Magic
 + Level 0.0 Poison Magic
 + Level 0.0 Invocations
 + Level 0.0 Evocations


You couldn't memorise any spells.
You didn't know any spells.
Your spell library was empty.

Dungeon Overview and Level Annotations

Branches:
Dungeon (1/15)

Altars:


Innate Abilities, Weirdness & Mutations

You have very sharp teeth.
Your uncanny sense of smell can sniff out nearby items.
Your experience applies equally to all skills.


Message History

Welcome, Mirvelgyr the Gnoll Wanderer.
Will you be the one to retrieve the awesome Orb of Zot from the depths?
Press ? for a list of commands and other information.
Found a scroll labelled ODUIMASUL.
Found a staircase leading out of the dungeon.
You begin with the following items: a +0 spear, a +2 leather armour, a scroll of teleportation.
d - a scroll labelled ODUIMASUL You open the door.
There is an open door here.
Found a whip.
A bat comes into view.
You reach to attack!
The helpless bat fails to defend itself.
You hit the bat.
The bat is severely wounded.
The bat barely misses you. The bat hits you.
You closely miss the bat. You bite the bat, but do no damage.
The bat is severely wounded.
The bat misses you.
You miss the bat.
The bat is severely wounded.
The bat barely misses you.
You reach to attack!
You hit the bat.
You kill the bat!
No target in view!
No target in view!
Your movement speed is average.
Your attack delay is about 1.1.
Unknown command.
Unknown command.
There is an open door here.
There is a staircase leading out of the dungeon here.
Are you sure you want to leave the Dungeon?
This will make you lose the game!
You have escaped!

##########
#........#
#........#
#.@......#
#........#
#........#
#####'####
######.#####
∆
#..........#
#.8).≈≈≈≈..#
#..........#
##########.#


There were no monsters in sight!

Vanquished Creatures
  A bat (D:1)
1 creature vanquished.

Notes
Turn   | Place    | Note
-------+----------+-------------------------------------------
     0 | D:1      | Mirvelgyr the Gnoll Wanderer began the quest for the Orb.
     0 | D:1      | Mirvelgyr set off with the following items: a +0 spear, a
                  | +2 leather armour, a scroll of teleportation
     0 | D:1      | Reached XP level 1. HP: 23/23 MP: 1/1
    33 | D:$      | Got out of the dungeon alive.

Illustrated notes

Levels and vault maps discovered:
D:1:      dpeg_arrival_rooms_c, layout_loops_ring, palyth_stone_intersect

Action                   || total
-------------------------++-------
Melee: Spear             ||     4
       Bite              ||     1
 Stab: Sleeping          ||     1
Dodge: Dodged            ||     3

Table legend: (Time is in decaauts)
 A = Elapsed time spent in this place.
 B = Non-inter-level travel time spent in this place.
 C = Inter-level travel time spent in this place.
 D = Time resting spent in this place.
 E = Time spent auto-exploring this place.
 F = Levels seen in this place.
 G = Mean time per level.
                   A        B        C        D        E       F      G
               +--------+--------+--------+--------+--------+-----+--------+
         Total |     33 |     33 |      0 |      0 |     13 |   1 |   33.0 |
       Dungeon |     33 |     33 |      0 |      0 |     13 |   1 |   33.0 |
               +--------+--------+--------+--------+--------+-----+--------+

Top non-repeatable levels by time:
     D:1: 33 daAuts
